 Dungeon Crawl Stone Soup version 0.25.1-2-g60ff931df9 (webtiles) character file.

Game seed: 16337744199568551682

609 Artemis the Chiller (level 7, 0/46 HPs)
             Began as a Merfolk Ice Elementalist on Sept 8, 2020.
             Was an Initiate of Sif Muna.
             Slain by an orc warrior
             ... wielding a +0 glaive
              (20 damage)
             ... on level 6 of the Dungeon.
             The game lasted 00:25:57 (5513 turns).

Artemis the Chiller (Merfolk Ice Elementalist)      Turns: 5513, Time: 00:25:58

Health: 0/46       AC:  8    Str:  9    XL:     7   Next: 43%
Magic:  9/14       EV: 13    Int: 16    God:    Sif Muna [......]
Gold:   307        SH:  0    Dex: 14    Spells: 11/15 levels left

rFire    . . .     SeeInvis .   v - +2 spear (vorpal)
rCold    . . .     Gourm    .   (no shield)
rNeg     . . .     Faith    .   a - +1 robe
rPois    .         Spirit   .   (no helmet)
rElec    .         Reflect  .   (no cloak)
rCorr    .         Harm     .   (no gloves)
MR       .....                  w - +0 pair of boots
Stlth    ++........             o - amulet of the acrobat
HPRegen  0.15/turn              m - +4 ring of protection
MPRegen  0.14/turn              (no ring)

@: no status effects
A: change form in water, swift swim, stealthy swim
a: Renounce Religion


You were on level 6 of the Dungeon.
You worshipped Sif Muna.
Sif Muna was noncommittal.
You were not hungry.

You visited 2 branches of the dungeon, and saw 7 of its levels.

You collected 307 gold pieces.

Inventory:

Hand Weapons
 g - a +1 vampiric dagger
 v - a +2 vorpal spear (weapon)
Missiles
 e - 179 stones (quivered)
 k - 48 sling bullets
 r - 9 poisoned darts
 D - 8 atropa-tipped darts
Armour
 a - a +1 robe (worn)
 w - a +0 pair of boots (worn)
 C - a +0 leather armour of cold resistance
Magical Staves
 z - an uncursed staff of poison
Jewellery
 m - a +4 ring of protection (left hand)
 o - an amulet of the acrobat (around neck)
 u - an uncursed amulet of regeneration {unknown}
 y - an uncursed amulet of faith {unknown}
Wands
 p - a wand of polymorph (12)
 s - a wand of flame (6)
 B - a wand of paralysis (8)
 F - a wand of clouds (4)
Scrolls
 b - a scroll of teleportation
 h - 2 scrolls of remove curse
 i - 2 scrolls of enchant weapon
 A - 2 scrolls of identify
Potions
 d - a potion of stabbing {unknown}
 f - a potion of heal wounds
 j - 2 potions of brilliance
 l - 2 potions of curing
 n - a potion of flight
 q - a potion of mutation {unknown}
 t - a potion of cancellation {unknown}
 x - a potion of berserk rage {unknown}
Comestibles
 c - 12 rations
 E - 5 chunks of flesh


   Skills:
 - Level 0.6 Short Blades
 + Level 2.3 Polearms
 - Level 3.2 Dodging
 - Level 2.9 Stealth
 + Level 4.8 Spellcasting
 + Level 7.2 Ice Magic


You had 11 spell levels left.
You knew the following spells:

 Your Spells              Type           Power        Failure   Level  Hunger
a - Freeze                Ice            ####         1%          1    None
b - Frozen Ramparts       Ice            ####..       2%          3    ###....

Your spell library contained the following spells:

 Spells                   Type           Power        Failure   Level  Hunger
 Ozocubu's Armour         Chrm/Ice       ###.....     11%         3    ###....
 Hailstorm                Conj/Ice       ###.....     34%         4    ####...
 Summon Ice Beast         Ice/Summ       ###.....     34%         4    ####...


Dungeon Overview and Level Annotations

Branches:
Dungeon (6/15)             Temple (1/1) D:4

Altars:
Ashenzari
Cheibriados
Dithmenos
Elyvilon
Fedhas
Gozag
Hepliaklqana
Kikubaaqudgha
Makhleb
Nemelex Xobeh
Okawaru
Ru
Sif Muna
Trog
Vehumet
Wu Jian
Xom
Yredelemnul
Zin
The Shining One

Annotations:
D:6 Sigmund


Message History

Aiming: Freeze (safe; 1% risk of failure)
Press: ? - help, Shift-Dir - straight line, f/p - orc wizard
Aim: an orc wizard, wielding a +0 dagger and wearing a +0 robe (almost dead, fast)
You freeze the orc wizard!
You kill the orc wizard!
Sif Muna accepts your kill.
The orc warrior hits you from afar with a +0 glaive!
You feel much better. The orc wizard misses you.
The orc warrior hits you with a +0 glaive!!
Casting: Freeze (safe; 1% risk of failure)
Confirm with . or Enter, or press ? or * to list all spells.
Aiming: Freeze (safe; 1% risk of failure)
Press: ? - help, Shift-Dir - straight line, f - orc warrior
Aim: an orc warrior, wielding a +0 glaive and wearing a +0 plate armour You freeze the orc warrior!
The orc warrior is moderately wounded.
The orc wizard barely misses you.
The orc warrior hits you with a +0 glaive!!
You die...

### .......................
.... ###'########............
.....#..........#............
.....#....o.....#............
.....'....o.....'.....#######
....#..###....##.....#...>.#
. #..########......#.....#
#...#.....#......#.....'
#...'..@).'......##+####
#...#.oo<.#......#...###
#...#.....#......#......
#...#.....#....o.#......
##.####...#......##..### #.#
#...#.......##'##. #.
....#.......#...#. #.
.....#.......#...#. ...
......#.......#...#.


You could see an orc warrior and an orc wizard.

Vanquished Creatures
  An ogre (D:6)
  A crimson imp (D:6)
  A bullfrog skeleton (D:5)
  A hound (D:5)
  An orc priest (D:4)
  3 orc wizards
  An iguana (D:4)
  Jessica (D:2)
  A worker ant (D:4)
  A howler monkey zombie (D:5)
  7 gnolls (D:5)
  6 adders
  2 shadow imps
  An adder skeleton (D:5)
  An adder zombie (D:6)
  A dart slug (D:1)
  2 leopard geckos (D:3)
  16 orcs
  2 ball pythons (D:3)
  6 bats
  3 giant cockroaches
  5 goblins
  6 hobgoblins
  4 quokkas
  4 frilled lizards
  4 kobolds
  4 rats
86 creatures vanquished.

Notes
Turn   | Place    | Note
-------+----------+-------------------------------------------
     0 | D:1      | Artemis the Merfolk Ice Elementalist began the quest for
                  | the Orb.
     0 | D:1      | Reached XP level 1. HP: 13/13 MP: 3/3
   243 | D:1      | Reached XP level 2. HP: 19/19 MP: 0/5
   715 | D:2      | Noticed Jessica
   721 | D:2      | Killed Jessica
   721 | D:2      | Reached skill level 5 in Ice Magic
   721 | D:2      | Reached XP level 3. HP: 24/24 MP: 6/6
   818 | D:2      | Reached XP level 4. HP: 14/30 MP: 0/7
  1070 | D:2      | Learned a level 3 spell: Frozen Ramparts
  1166 | D:2      | Found a shattered altar of Ashenzari.
  1166 | D:2      | Found an ornate altar of the Wu Jian Council.
  1666 | D:3      | Found a faded altar of an unknown god.
  1904 | D:3      | Noticed a hippogriff
  2443 | D:4      | Reached XP level 5. HP: 31/35 MP: 4/9
  2671 | D:4      | Reached skill level 6 in Ice Magic
  2756 | D:4      | Found a staircase to the Ecumenical Temple.
  2991 | D:4      | Reached XP level 6. HP: 40/41 MP: 4/11
  3025 | Temple   | Entered the Ecumenical Temple
  3065 | Temple   | Became a worshipper of Sif Muna the Loreminder
  3449 | D:5      | Entered Level 5 of the Dungeon
  4594 | D:5      | Reached skill level 7 in Ice Magic
  4594 | D:5      | Reached XP level 7. HP: 31/46 MP: 8/13
  5206 | D:6      | Noticed Sigmund
  5318 | D:6      | Reached skill level 1 in Polearms
  5513 | D:6      | Slain by an orc warrior

Illustrated notes

Levels and vault maps discovered:
D:1:      lightli_arrival_lavapool, layout_loops_ring
D:2:      layout_rooms, gammafunk_temple_overflow_elements, st_stairs_3,
          uniq_jessica
D:3:      layout_rooms, chequers_ecumenical_altar_simple
D:4:      layout_loops_ring, temple_statues, first_ration
D:5:      layout_layer_cave
D:6:      layout_gridville, basic_altar, uniq_sigmund
Temple:   compressed_dpeg_circular_temple

Skill      XL: |  1  2  3  4  5  6  7 |
---------------+----------------------+-----
Ice Magic      | 5 6 7 |  7.2
Dodging        | 3 |  3.2
Spellcasting   | 3 4 |  4.8
Polearms       | 2 |  2.3
Short Blades   | |  0.6
Stealth        | |  2.9

Action                   |  1- 3 |  4- 6 |  7- 9 || total
-------------------------+-------+-------+-------++-------
Melee: Dagger            |    15 |    33 |       ||    48
       Spear             |       |    19 |     7 ||    26
 Cast: Freeze            |    26 |   112 |     9 ||   147
       Frozen Ramparts   |       |     2 |     1 ||     3
  Use: Scroll            |       |    12 |       ||    12
       Potion            |       |       |     1 ||     1
 Stab: Sleeping          |     4 |     6 |       ||    10
  Eat: Chunk             |       |    11 |     1 ||    12
       Ration            |       |       |     1 ||     1
Armor: Robe              |     7 |    39 |     2 ||    48
Dodge: Dodged            |    24 |   109 |    10 ||   143
